 Dungeon Crawl Stone Soup version 0.23-a0-673-g3803c42 (webtiles) character file.

429 Blackhawk the Skirmisher (level 6, -7/49 HPs)
             Began as a Demonspawn Fighter on Jan 9, 2019.
             Killed by divine providence
             ... invoked by an orc priest
              (16 damage)
             ... on level 4 of the Dungeon.
             The game lasted 00:05:57 (3187 turns).

Blackhawk the Skirmisher (Demonspawn Fighter)       Turns: 3187, Time: 00:05:57

Health: -7/49      AC: 15    Str: 18    XL:     6   Next: 66%
Magic:  6/6        EV:  4    Int: 10    God:
Gold:   147        SH:  9    Dex: 12    Spells: 5/5 levels left

rFire    . . .     SeeInvis .   a - +0 war axe
rCold    . . .     Gourm    .   c - +0 shield
rNeg     . . .     Faith    .   h - +0 plate armour
rPois    .         Spirit   .   z - +2 hat
rElec    .         Reflect  .   l - +1 cloak
rCorr    .         Harm     .   (no gloves)
MR       .....                  (no boots)
Stlth    ..........             j - amulet of rage
HPRegen  0.16/turn              (no ring)
MPRegen  0.10/turn              (no ring)

@: lethally poisoned (-7 -> -13), slowed, drained, very slow
A: talons 2, demonic guardian 1, sturdy frame 1
a: Evoke Berserk Rage


You were on level 4 of the Dungeon.
You were not hungry.

You visited 1 branch of the dungeon, and saw 4 of its levels.

You collected 147 gold pieces.

Inventory:

Hand Weapons
 a - a +0 war axe (weapon)
Missiles
 d - a throwing net (quivered)
Armour
 b - a +0 scale mail
 c - a +0 shield (worn)
 h - a +0 plate armour (worn)
 l - a +1 cloak (worn)
 z - a +2 hat (worn)
Jewellery
 j - an amulet of rage (around neck)
Scrolls
 g - a scroll of teleportation
 i - a scroll of identify
 m - 3 scrolls of remove curse
 n - 2 scrolls of magic mapping {unknown}
 q - a scroll of amnesia {unknown}
 v - 2 scrolls of enchant weapon {unknown}
 y - a scroll of blinking {unknown}
Potions
 e - 2 potions of invisibility
 o - a potion of berserk rage {unknown}
 p - a potion of heal wounds {unknown}
 r - a potion of brilliance {unknown}
 s - a potion of flight {unknown}
 t - a potion of agility {unknown}
 u - a potion of lignification {unknown}
 w - 2 potions of curing {unknown}
 x - a potion of haste {unknown}
Comestibles
 f - 5 rations
 k - 7 chunks of flesh


   Skills:
 + Level 4.5(3.6) Fighting
 + Level 3.5(2.6) Axes
 + Level 4.2(3.2) Armour
 + Level 4.1(3.2) Shields


You had 5 spell levels left.
You didn't know any spells.
Your spell library contained the following spells:

 Spells                   Type           Power        Failure   Level  Hunger
 Confusing Touch          Hex            #.....       100%        1    ##.....
 Confuse                  Hex            #.......     100%        3    ####...
 Gell's Gravitas          Tloc           #.........   100%        3    ####...
 Petrify                  Tmut/Erth      #.......     100%        4    #####..
 Metabolic Englaciation   Hex/Ice        #.........   100%        5    ######.
 Yara's Violent Unravell  Hex/Tmut       #.........   100%        5    ######.


Dungeon Overview and Level Annotations

Branches:
Dungeon (4/15)
 Temple: D:4-7

Altars:
Dithmenos
Fedhas
Uskayaw


Innate Abilities, Weirdness & Mutations

You have razor-sharp toenails.
A weak demonic guardian rushes to your aid.
Your movements are slightly less encumbered by armour. (ER -2)


Message History

Your quasit completely misses the orc wizard.
Your quasit claws the orc wizard but does no damage.
Your white imp hits the worker ant but does no damage.
The worker ant bites you but does no damage.
The orc wizard casts a spell.
The orc wizard blinks!
You hit the worker ant.
The worker ant is severely wounded.
You feel sick.
The worker ant bites you but does no damage.
Your white imp gestures at the orc wizard.
The puff of frost hits the worker ant.
Your white imp hits the worker ant but does no damage.
The worker ant bites your white imp!
Your white imp gestures at the orc wizard.
The puff of frost hits the worker ant.
The worker ant dies!
The orc priest calls down the wrath of Beogh upon you.
Beogh smites you!
You die...

## #.# #.# ##.## #
#.# #.# ##### #.# #
#.# #.# #... ... #
#.####.###.#####.
#####...............
......#.####....#.#
#######.####†...#.#
[ #.##......#.##....
#.##.#...§@.5..#
#.........#5##....
#........5.o# #
#.......###o.
#..#.#..# ....
#....../# ....
##....#.# ..... ...
......


You could see an orc priest, an orc wizard, a friendly quasit and 2 friendly
white imps.

Vanquished Creatures
  Sigmund (D:2)
  A scorpion (D:4)
  An orc priest (D:4)
  A worker ant (D:4)
  4 adders
  A howler monkey skeleton (D:3)
  An ooze (D:1)
  2 worms (D:2)
  3 dart slugs
  4 leopard geckos
  10 orcs
  7 bats
  6 giant cockroaches
  4 hobgoblins
  A quokka (D:3)
  2 ball pythons
  2 frilled lizards
  5 goblins
  6 kobolds
  6 rats
68 creatures vanquished.

Vanquished Creatures (collateral kills)
  2 worker ants (D:4)
  An orc (D:4)
3 creatures vanquished.

Grand Total: 71 creatures vanquished

Notes
Turn   | Place    | Note
-------+----------+-------------------------------------------
     0 | D:1      | Blackhawk the Demonspawn Fighter began the quest for the
                  | Orb.
     0 | D:1      | Reached XP level 1. HP: 18/18 MP: 1/1
    52 | D:1      | Gained mutation: You have sharp toenails. [demonic
                  | ancestry]
    52 | D:1      | Reached XP level 2. HP: 23/24 MP: 2/2
   640 | D:1      | Gained mutation: Your movements are slightly less
                  | encumbered by armour. (ER -2) [demonic ancestry]
   640 | D:1      | Reached XP level 3. HP: 26/29 MP: 3/3
  1171 | D:2      | Noticed Sigmund
  1197 | D:2      | Killed Sigmund
  1197 | D:2      | Gained mutation: A weak demonic guardian rushes to your
                  | aid. [demonic ancestry]
  1197 | D:2      | Reached XP level 4. HP: 15/37 MP: 4/4
  1197 | D:2      | Reached XP level 5. HP: 17/42 MP: 5/5
  1597 | D:2      | Found a blossoming altar of Fedhas.
  1657 | D:2      | Found a shadowy altar of Dithmenos.
  1657 | D:2      | Found a hide-covered altar of Uskayaw.
  2741 | D:4      | Gained mutation: You have razor-sharp toenails. [demonic
                  | ancestry]
  2741 | D:4      | Reached XP level 6. HP: 35/48 MP: 6/6
  3187 | D:4      | Killed from afar by an orc priest

Vault maps used:
D:1:      lemuel_arrival_behind_the_door_large, st_stairs_9
D:2:      gammafunk_temple_overflow_statue, fedhas_ov_isle_minmay, first_ration,
          uniq_sigmund
D:3:      minmay_strange_pillars, kennysheep_doodads
D:4:      chequers_serial_rivers_micro_b

Skill      XL: |  1  2  3  4  5  6 |
---------------+-------------------+-----
Axes           | 2 3 |  3.5
Shields        | 3 4 |  4.1
Armour         | 3 4 |  4.2
Fighting       | 4 |  4.5

Action                   |  1- 3 |  4- 6 || total
-------------------------+-------+-------++-------
Melee: War axe           |    75 |   110 ||   185
       Kick              |    15 |    32 ||    47
  Use: Potion            |     1 |       ||     1
       Scroll            |       |     4 ||     4
  Eat: Chunk             |       |     7 ||     7
Armor: Scale mail        |    31 |       ||    31
       Plate armour      |    44 |    66 ||   110
Dodge: Dodged            |    28 |    21 ||    49
Block: Shield            |    44 |    57 ||   101

Table legend:
 A = Non-vault XP
 B = Vault XP
 C = Vault XP percentage of total XP
 D = Non-vault monster count
 E = Vault monster count
 F = Vault count percentage of total count
                 A         B        C        D         E       F
            +---------+---------+-------+---------+---------+-------
      Total |     386 |     228 |  37.1 |      67 |       4 |   5.6
            +---------+---------+-------+---------+---------+-------
        D:1 |      38 |       5 |  11.6 |      18 |       3 |  14.3
        D:2 |      65 |     223 |  77.4 |      20 |       1 |   4.8
        D:3 |      33 |       0 |   0.0 |      10 |       0 |   0.0
        D:4 |     250 |       0 |   0.0 |      19 |       0 |   0.0
            +---------+---------+-------+---------+---------+-------
